AoeStats
← m00157301

Arabia

510100514Analyzed
1v1 RM · 3d ago on Sep 29, 2026· 57m 6s· 2 players
Game mode
Random Map
Map size
Tiny (2 player)
Population
200
Speed
Normal
Resources
Standard
Victory
Conquest
Starting age
Dark Age
Ending age
Imperial Age
RankedLock teamsTeams togetherTeam positionsShared explorationLock speedFull tech treeHidden civsTurbo modeCheats
Victory
Defeat
🇹🇼 Huns · Taiwan
845
+14
🇹🇷 Franks · Türkiye
803
-14
m00157301
10:08 Feudal Age
11:25 Wheelbarrow
10:38 Double-Bit Axe
11:47 Horse Collar
19:35 Castle Age
18:30 Stone Mining
18:32 Man-at-Arms
19:23 Gold Mining
21:15 Hand Cart
21:19 Bow Saw
23:10 Heavy Plow
24:01 Pikeman
26:36 Gold Shaft Mining
29:32 Long Swordsman
30:46 Squires
35:57 Scale Mail Armor
49:23 Imperial Age
47:30 Chain Mail Armor
47:21 Scale Barding Armor
47:27 Forging
50:26 Halberdier
50:27 Two-Handed Swordsman
53:47 Iron Casting
52:53 Capped Ram
56:26 Siege Ram
BidonS
11:27 Feudal Age
12:35 Double-Bit Axe
17:14 Scale Barding Armor
17:56 Forging
21:36 Wheelbarrow
23:36 Castle Age
23:16 Gold Mining
25:07 Husbandry
25:40 Chain Barding Armor
25:56 Iron Casting
25:48 Bow Saw
26:44 Bow Saw
26:52 Hand Cart
27:38 Town Watch
28:55 Gold Shaft Mining
30:12 Fervor
31:09 Stone Mining
32:48 Padded Archer Armor
32:39 Fletching
32:50 Scale Mail Armor
34:09 Town Patrol
35:51 Leather Archer Armor
35:32 Bodkin Arrow
35:59 Chain Mail Armor
36:18 Ballistics
35:39 Treadmill Crane
35:56 Murder Holes
39:40 Fortified Wall
39:58 Ordonnance Companies
45:36 Imperial Age
45:49 Cranequins
48:49 Chemistry
47:35 Arrowslits
48:59 Siege Engineers
49:08 Masonry
49:09 Heavy Mounted Crossbowman
49:14 Cavalier
53:27 Plate Barding Armor
57:37 Plate Mail Armor
58:07 Blast Furnace
56:30 Paladin
56:45 Elite Skirmisher
Connection lost

Rejoining the realm…

Still unreachable

The connection could not be restored.

Session expired

The server has moved on; the page needs a fresh start.